 Dungeon Crawl Stone Soup version bcrawl-1.23 (webtiles) character file.

Game seed: 4690467905982454845

2994 Morbidden the Covert (level 9, -2/100 HPs)
             Began as a Vampire Archaeologist on May 27, 2020.
             Was a Priest of Vehumet.
             Slain by a hippogriff (6 damage)
             ... on level 6 of the Dungeon.
             The game lasted 00:24:56 (6156 turns).

Morbidden the Covert (Vampire Archaeologist)        Turns: 6156, Time: 00:24:57

Health: -2/100     AC: 24    Str: 14    XL:     9   Next: 54%
Magic:  21/21      EV:  2    Int: 23    God:    Vehumet [***...]
Gold:   413        SH:  0    Dex: 16    Spells: 22/24 levels left

rFire    . . .     SeeInvis +   a - +2 dagger (venom)
rCold    . . .     Gourm    .   (no shield)
rNeg     + + +     Faith    .   (armour currently unavailable)
rPois    +         Spirit   .   (helmet currently unavailable)
rElec    .         Reflect  .   (cloak currently unavailable)
rCorr    .         Harm     .   (gloves currently unavailable)
MR       .....     NoTele   +   (boots currently unavailable)
Stlth    ++++++++..             (no amulet)
HPRegen  0.62/turn              f - ring of stealth
MPRegen  0.17/turn              D - +1 ring of evasion

@: brilliant, agile, tree-form, regenerating quickly, hasted, studying
Spellcasting, very quick
A: see invisible
a: Bat Form, Renounce Religion


You were on level 6 of the Dungeon.
You worshipped Vehumet.
Vehumet was most pleased with you.
You were very full.
You were a tree.
You visited 1 branch of the dungeon, and saw 6 of its levels.

You collected 532 gold pieces.
You spent 119 gold pieces at shops.

Inventory:

Hand Weapons
 a - a +2 dagger of venom (weapon)
 s - a +3 falchion
 x - a +3 dagger of draining
Armour
 d - a +1 pair of boots (melded)
 l - a +2 robe of magic resistance
 o - a +2 helmet (melded)
 p - a scarf of repulsion (melded)
 A - the cursed +0 robe "Umet" (melded) {rN+ MR- Regen+ Slay+4}
   (You bought it in a shop on level 5 of the Dungeon)

   It affects your accuracy and damage with ranged weapons and melee attacks
   (+4).
   It protects you from negative energy.
   It affects your resistance to hostile enchantments.
   It increases your rate of regeneration.
   It has a curse placed upon it.
Jewellery
 f - a ring of stealth (left branch)
 r - an uncursed ring of flight
 D - a +1 ring of evasion (right branch)
Wands
 c - a wand of polymorph (12)
Scrolls
 e - a scroll of magic mapping
 g - a scroll of remove curse
 i - 5 scrolls of teleportation {unknown}
 j - a scroll of blinking {unknown}
 m - a scroll of enchant weapon {unknown}
 u - a scroll of amnesia {unknown}
 w - a scroll of noise {unknown}
 y - a scroll of identify
 C - a scroll of fog {unknown}
Potions
 k - a potion of agility
 n - a potion of lignification
 q - 9 potions of blood
 v - a potion of haste
 z - 2 potions of magic
 B - a potion of brilliance
Books
 b - a manual of Spellcasting


   Skills:
 * Level 4.9 Fighting
 * Level 6.9 Short Blades
   Level 0.7 Maces & Flails
 + Level 5.7 Dodging
 + Level 10.3 Stealth
 - Level 1.8 Unarmed Combat
 * Level 8.1 Spellcasting
 * Level 1.3 Conjurations
 + Level 2.4 Ice Magic
 + Level 1.4 Air Magic


You had 22 spell levels left.
You knew the following spells:

 Your Spells              Type           Power        Failure   Level  Hunger
a - Freeze                Ice            ####..       1%          1    None
b - Shock                 Conj/Air       ####.        1%          1    None
Your spell library was empty.

Dungeon Overview and Level Annotations

Branches:
Dungeon (6/12)
 Temple: D:4-7

Altars:
Fedhas
Hepliaklqana
Makhleb
Okawaru
Uskayaw
Vehumet
Yredelemnul

Shops:
D:4 (   D:5 [

Annotations:
D:2 Sigmund
D:3 yrara's ghost, amateur DsFi
D:5 3 runed translucent doors, MisterOstroum's ghost, amateur DjSk


Innate Abilities, Weirdness & Mutations

Your natural rate of healing is unusually fast.
((You have sharp fingernails.))
((You have razor-sharp teeth.))
You have supernaturally acute eyesight. (SInv)
((You can survive without breathing.))


Message History

* * * LOW HITPOINT WARNING * * *
The hippogriff pecks you but does no damage.
The hippogriff claws you but does no damage.
No path to travel!
You hit the hippogriff.
The hippogriff is heavily wounded.
No path to travel!
You barely miss the goblin.
The goblin unwields a +4 hunting sling.
The goblin wields a +0 short sword.
The goblin hits you but does no damage.
The hippogriff bites you but does no damage.
The hippogriff barely misses you.
The hippogriff claws you but does no damage.
No path to travel!
You barely miss the hippogriff.
The hippogriff is heavily wounded.
No path to travel!
You hit the hippogriff.
The hippogriff is severely wounded.
The hippogriff bites you.
You die...

...#..............##..#.)).....#
.........#....................##
........####................###
........###................##
............................#
..........................#..#
...............K..#..........#
##..#........KK####.........##
#####..###...KH♣##...####...
#### ##..Sg## #..Z## #####


You could see a hippogriff, an adder, a killer bee zombie, a goblin and 3
kobolds.

Vanquished Creatures
  A hornet (D:6)
  Grinder (D:4)
  A hippogriff (D:6)
  Eustachio (D:4)
  Duvessa (D:4)
  An ice beast (D:4)
  2 phantoms (D:4)
  A sky beast (D:4)
  A necrophage (D:4)
  2 ogres
  A centaur (D:6)
  A big kobold (D:6)
  Dowan (D:4)
  A water moccasin skeleton (D:5)
  2 scorpions
  6 killer bees (D:6)
  A howler monkey (D:6)
  2 crimson imps (D:5)
  2 hounds
  2 orc priests
  A centaur zombie (D:6)
  Crazy Yiuf (D:4)
  A bullfrog skeleton (D:5)
  7 orc wizards
  Terence (D:2)
  Jessica (D:2)
  3 worker ants
  Ijyb (D:3)
  3 iguanas
  A hound skeleton (D:5)
  A worker ant zombie (D:5)
  Robin (D:3)
  10 adders
  3 adder skeletons
  2 worms
  2 dart slugs
  4 leopard geckos
  23 orcs
  A ball python (D:4)
  7 bats
  2 giant cockroaches
  8 goblins
  3 hobgoblins
  6 jackals
  11 kobolds
  2 quokkas
  3 frilled lizards
  2 gnoll zombies (D:3)
  A quokka skeleton (D:4)
  A quokka zombie (D:3)
  6 rats
150 creatures vanquished.

Notes
Turn   | Place    | Note
-------+----------+-------------------------------------------
     0 | D:1      | Morbidden the Vampire Archaeologist began the quest for the
                  | Orb.
     0 | D:1      | Reached XP level 1. HP: 14/14 MP: 1/1
    83 | D:1      | Reached skill level 1 in Fighting
   113 | D:1      | Reached skill level 5 in Stealth
   462 | D:1      | Reached XP level 2. HP: 20/21 MP: 2/2
   955 | D:2      | Noticed Sigmund
   997 | D:2      | Reached XP level 3. HP: 21/26 MP: 3/3
  1238 | D:2      | Reached skill level 1 in Unarmed Combat
  1259 | D:2      | Noticed Jessica
  1267 | D:2      | Killed Jessica
  1267 | D:2      | Reached XP level 4. HP: 29/33 MP: 4/4
  1325 | D:2      | Found a hide-covered altar of Uskayaw.
  1325 | D:2      | Found a radiant altar of Vehumet.
  1332 | D:2      | Became a worshipper of Vehumet
  1374 | D:2      | Reached skill level 6 in Stealth
  1528 | D:2      | Found a blossoming altar of Fedhas.
  1850 | D:3      | Noticed Terence
  1980 | D:2      | Killed Terence
  1980 | D:2      | Reached skill level 1 in Short Blades
  2082 | D:3      | Noticed Robin
  2085 | D:3      | Killed Robin
  2120 | D:3      | Noticed Ijyb
  2141 | D:3      | Killed Ijyb
  2141 | D:3      | Reached XP level 5. HP: 38/38 MP: 5/5
  2141 | D:3      | Identified a scroll of acquirement
  2176 | D:3      | Identified the amulet "Ysupred" {RegenMP Fragile +Inv Str-4
                  | Dex+8} (You acquired it on level 3 of the Dungeon)
  2186 | D:3      | Found a transporter.
  2215 | D:3      | Found a basalt altar of Yredelemnul.
  2310 | D:3      | Found a faded altar of an unknown god.
  2332 | D:3      | Reached * piety under Vehumet
  2332 | D:3      | Offered knowledge of Freeze by Vehumet.
  2335 | D:3      | Learned a level 1 spell: Freeze
  2394 | D:3      | Reached skill level 1 in Spellcasting
  2407 | D:3      | Found a transporter.
  2440 | D:3      | Noticed yrara's ghost (amateur DsFi)
  3069 | D:4      | Reached XP level 6. HP: 46/46 MP: 7/7
  3144 | D:4      | Noticed an ice beast
  3238 | D:4      | Noticed Grinder
  3270 | D:4      | Noticed Dowan
  3271 | D:4      | Noticed Duvessa
  3355 | D:4      | Reached skill level 7 in Stealth
  3383 | D:4      | Found Gyhur's Weapon Boutique.
  3480 | D:4      | Noticed a sky beast
  3487 | D:4      | Killed a sky beast
  3487 | D:4      | Reached XP level 7. HP: 46/52 MP: 9/11
  3488 | D:4      | Noticed Eustachio
  3503 | D:4      | Killed Eustachio
  3503 | D:4      | Reached skill level 8 in Stealth
  3503 | D:4      | Reached skill level 1 in Ice Magic
  3597 | D:4      | Found a runed door.
  3822 | D:4      | Offered knowledge of Shock by Vehumet.
  3840 | D:4      | Noticed Crazy Yiuf
  3866 | D:4      | Killed Crazy Yiuf
  3875 | D:4      | Learned a level 1 spell: Shock
  3973 | D:4      | Reached ** piety under Vehumet
  3998 | D:4      | Paralysed by Grinder for 3 turns
  4004 | D:4      | Paralysed by Grinder for 3 turns
  4011 | D:4      | Killed Grinder
  4011 | D:4      | Reached skill level 5 in Spellcasting
  4011 | D:4      | Reached XP level 8. HP: 34/59 MP: 0/15
  4078 | D:4      | Killed Duvessa
  4078 | D:4      | Reached skill level 5 in Dodging
  4092 | D:4      | Killed Dowan
  4304 | D:4      | Reached skill level 5 in Short Blades
  4311 | D:4      | Reached skill level 1 in Air Magic
  4576 | D:4      | Found an iron altar of Okawaru.
  4620 | D:4      | Reached skill level 9 in Stealth
  4867 | D:5      | Entered Level 5 of the Dungeon
  5144 | D:5      | Found Heosas's Antique Armour Shoppe.
  5147 | D:5      | Bought an ancient robe for 119 gold pieces
  5158 | D:5      | Identified the cursed +0 robe "Umet" {rN+ MR- Regen+
                  | Slay+4} (You bought it in a shop on level 5 of the Dungeon)
  5305 | D:5      | Found a burning altar of Makhleb.
  5427 | D:5      | Noticed MisterOstroum's ghost (amateur DjSk)
  5452 | D:5      | Found a runed translucent gate.
  5452 | D:5      | Found a runed translucent gate.
  5452 | D:5      | Found a runed translucent gate.
  5542 | D:5      | Offered knowledge of Searing Ray by Vehumet.
  5542 | D:5      | Reached XP level 9. HP: 66/66 MP: 20/20
  5768 | D:5      | Found a hazy altar of Hepliaklqana.
  5905 | D:6      | Reached *** piety under Vehumet
  6062 | D:6      | Reached skill level 10 in Stealth
  6110 | D:6      | Offered knowledge of Dazzling Spray by Vehumet.
  6110 | D:6      | Reached skill level 1 in Conjurations
  6145 | D:6      | HP: 4/100 [hippogriff (5)]
  6152 | D:6      | HP: 3/100 [hippogriff (2)]
  6156 | D:6      | Slain by a hippogriff

Skill      XL: |  1  2  3  4  5  6  7  8  9 |
---------------+----------------------------+-----
Fighting       | 1 2 3 4 |  4.9
Stealth        | 5 6 7 8 9 10 | 10.3
Unarmed Combat | 1 |  1.8
Dodging        | 4 5 |  5.7
Short Blades   | 1 3 4 5 6 |  6.9
Spellcasting   | 1 3 5 7 8 |  8.1
Ice Magic      | 1 2 |  2.4
Air Magic      | 1 |  1.4
Conjurations   | 1 |  1.3
Maces & Flails | |  0.7

Action                   |  1- 3 |  4- 6 |  7- 9 || total
-------------------------+-------+-------+-------++-------
Melee: Unarmed           |   122 |    34 |       ||   156
       Bite              |     6 |    23 |    23 ||    52
       Punch             |     1 |     2 |     2 ||     5
       Dagger            |       |   200 |   267 ||   467
 Cast: Freeze            |       |    15 |    30 ||    45
       Shock             |       |       |    53 ||    53
 Abil: End Transformatio |       |     3 |       ||     3
       Bat Form          |       |     3 |       ||     3
  Use: Potion            |    10 |    11 |    18 ||    39
       Scroll            |       |     3 |     2 ||     5
 Stab: Sleeping          |     6 |    23 |    16 ||    45
       Distracted        |       |       |     1 ||     1
Armor: Robe              |    54 |    57 |    70 ||   181
       Skin              |       |     1 |   123 ||   124
Dodge: Dodged            |   108 |   146 |   189 ||   443
       Deflected         |       |       |     9 ||     9
